 Dungeon Crawl Stone Soup version 0.28-a0-1038-g9c4cb8273d (webtiles) character file.

Game seed: 16316659935855356009

131630 vineage the Warrior (level 16, -11/162 HPs)
             Began as a Minotaur Fighter on Dec 8, 2021.
             Was the Champion of Okawaru.
             Mangled by a black mamba (12 damage)
             ... on level 3 of the Snake Pit.
             The game lasted 00:39:47 (31060 turns).

vineage the Warrior (Minotaur Fighter)             Turns: 31060, Time: 00:39:47

Health: -11/162    AC: 46    Str: 28    XL:     16   Next: 55%
Magic:  17/21      EV: 14    Int:  5    God:    Okawaru [******]
Gold:   2934       SH: 16    Dex: 18    Spells: 15/15 levels left

rFire   + . .      SeeInvis +   X - +0 eveningstar (holy)
rCold   . . .      Faith    .   C - +0 kite shield {AC+3}
rNeg    . . .      Spirit   .   H - +2 crystal plate armour
rPois   +          Reflect  .   v - +2 hat {Will+}
rElec   +          Harm     .   L - +2 cloak {rF+}
rCorr   +          Rampage  .   k - +3 pair of gauntlets of War {Slay+5}
Will    ++...                   P - +3 pair of boots "Nuepof" {rElec rPois rCorr Dex-3}
Stlth   ..........              p - amulet of the acrobat
HPRegen 0.37/turn               j - ring "Emeav" {rCorr Dex+4 SInv Stlth-}
MPRegen 0.17/turn               n - +6 ring of strength

@: heroic, on berserk cooldown, slowed, very slow
A: horns 2, retaliatory headbutt
a: Renounce Religion, Heroism, Finesse, Duel


You were on level 3 of the Snake Pit.
You worshipped Okawaru.
Okawaru was exalted by your worship.
You visited 5 branches of the dungeon, and saw 25 of its levels.
You also visited: Ice Cave and Volcano.

You collected 3065 gold pieces.
You spent 131 gold pieces at shops.

Inventory:

Hand Weapons
 g - a +3 flail of protection
 h - a +2 mace of protection
 J - a +2 great mace of draining
 O - a +0 morningstar of holy wrath
 X - a +0 eveningstar of holy wrath (weapon)
 Y - the +3 dire flail "Kubleut" {vorpal, rN+}
   (Okawaru gifted it to you on level 2 of the Snake Pit)

   It inflicts extra damage upon your enemies.
   rN:        It protects you from negative energy.
Missiles
 f - 7 throwing nets (quivered)
Armour
 k - the +3 pair of gauntlets of War (worn) {Slay+5}
   (You acquired it on level 3 of the Dungeon)

   Slay:      It affects your accuracy & damage with ranged weapons and melee
   (+5).
 v - a +2 hat of willpower (worn)
 C - a +0 kite shield of protection (worn)
 H - a +2 crystal plate armour (worn)
 L - a +2 cloak of fire resistance (worn)
 P - the +3 pair of boots "Nuepof" (worn) {rElec rPois rCorr Dex-3}
   (You found it on level 6 of the Dungeon)

   Dex:       It affects your dexterity (-3).
   rElec:     It insulates you from electricity.
   rPois:     It protects you from poison.
   rCorr:     It protects you from acid and corrosion.
 T - a +2 pair of boots of flying
Jewellery
 d - a +4 ring of evasion
 j - the ring "Emeav" (left hand) {rCorr Dex+4 SInv Stlth-}
   (You found it on level 9 of the Dungeon)

   [ring of resist corrosion]

   Dex:       It affects your dexterity (+4).
   SInv:      It lets you see invisible.
   rCorr:     It protects you from acid and corrosion.
   Stlth:     It makes you less stealthy.
 n - a +6 ring of strength (right hand)
 p - an amulet of the acrobat (around neck)
 s - a ring of resist corrosion
 z - a ring of wizardry
 M - a +6 ring of dexterity
 W - an amulet of regeneration
 Z - a ring of positive energy
Wands
 e - a wand of iceblast (7)
 y - a wand of flame (46)
 A - a wand of mindburst (4)
 F - a wand of polymorph (11)
 G - a wand of acid (16)
 V - a wand of paralysis (4)
Scrolls
 a - 2 scrolls of fog
 b - 2 scrolls of blinking
 q - 9 scrolls of teleportation
 w - 4 scrolls of magic mapping
 B - a scroll of holy word
 I - 9 scrolls of identify
 K - 3 scrolls of fear
 Q - 4 scrolls of enchant weapon
 U - a scroll of enchant armour
Potions
 c - 10 potions of mutation
 i - 10 potions of curing
 l - 4 potions of attraction
 m - a potion of magic
 o - a potion of resistance
 r - a potion of lignification {unknown}
 t - 2 potions of heal wounds
 u - 4 potions of might
 x - 3 potions of flight
 D - 4 potions of haste
 E - 4 potions of berserk rage
 N - a potion of cancellation
 R - a potion of ambrosia {unknown}
 S - a potion of brilliance


   Skills:
 + Level 20.1(25.1) Fighting
 + Level 18.4(23.4) Maces & Flails
 - Level 14.3(19.3) Armour
 - Level 9.4(14.4) Dodging
 - Level 14.3(19.3) Shields
 - Level 8.6 Invocations


You had 15 spell levels left.
You didn't know any spells.
Your spell library contained the following spells:

 Spells                   Type           Power      Damage    Failure   Level
 Passwall                 Tmut/Erth      0%         N/A       100%        2
 Sublimation of Blood     Necr           0%         N/A       100%        2
 Gell's Gravitas          Tloc           0%         N/A       100%        3
 Lesser Beckoning         Tloc           0%         N/A       100%        3
 Portal Projectile        Hex/Tloc       0%         N/A       100%        3
 Swiftness                Air            0%         N/A       100%        3
 Teleport Other           Tloc           0%         N/A       100%        3
 Leda's Liquefaction      Hex/Erth       0%         N/A       100%        4
 Petrify                  Tmut/Erth      0%         N/A       100%        4
 Fireball                 Conj/Fire      0%         3d3       100%        5
 Irradiate                Conj/Tmut      0%         3d13      100%        5
 Starburst                Conj/Fire      0%         6d3       100%        6
 Ignition                 Fire           0%         3d3       100%        8
 Call Canine Familiar     Summ           Unusable   N/A       N/A         3

Dungeon Overview and Level Annotations

Branches:
Dungeon (13/15)            Temple (1/1) D:4            Lair (6/6) D:9
  Swamp (0/4) Lair:2        Snake (3/4) Lair:3        Slime (0/5) Lair:6
    Orc (2/2) D:9             Elf (0/3) Orc:2         IceCv (visited)
Volcano (visited)
 Vaults: D:13-14

Altars:
Ashenzari
Cheibriados
Dithmenos
Elyvilon
Fedhas
Gozag
Hepliaklqana
Kikubaaqudgha
Makhleb
Nemelex Xobeh
Okawaru
Qazlal
Ru
Sif Muna
Trog
Uskayaw
Vehumet
Wu Jian
Xom
Yredelemnul
Zin
The Shining One
Beogh
Jiyva

Shops:
D:3 *   D:5 !   D:6 (   Orc:2 *((**

Portals:
Hell: Lair:6


Innate Abilities, Weirdness & Mutations

You have a pair of horns on your head.
You reflexively headbutt those who attack you in melee.


Message History

The naga sharpshooter is heavily wounded.
The black mamba bites you but does no damage.
The naga sharpshooter casts a spell.
The naga sharpshooter magically shoots an arrow.
You block the arrow.
You closely miss the naga sharpshooter.
Your headbutt misses the naga sharpshooter.
The naga sharpshooter is heavily wounded.
You block the black mamba's attack. The naga spits poison at you.
The splash of poison hits you but does no damage.
You resist.
You are too berserk!
You sock the naga sharpshooter! You headbutt the naga sharpshooter!!
The naga sharpshooter is almost dead.
You block the black mamba's attack.
You impale the naga sharpshooter!!
You kill the naga sharpshooter!
Okawaru accepts your kill. You block the black mamba's attack.
You hit the naga. You headbutt the naga!!
The naga is severely wounded.
You completely miss the naga. You headbutt the naga!
You kill the naga!
Okawaru accepts your kill.
You are no longer berserk.
You are exhausted.
You feel yourself slow down. You block the black mamba's attack.
You barely miss the naga. You headbutt the naga!
The naga is moderately wounded.
The black mamba bites you but does no damage.
The black mamba bites you.
* * * LOW HITPOINT WARNING * * *
The naga spits poison at you. The splash of poison hits you. You resist.
* * * LOW HITPOINT WARNING * * *
You feel better. The black mamba bites you!
* * * LOW HITPOINT WARNING * * *
The black mamba bites you!
You die...

N.# ..# ..# .. ..## ...
###...# ## ....
####....# #.#
....###.....#.##..#
...#..N.....).....#
......)@)#........##.
[.....S.###).........
......)..##.).....# .
##........)#.÷)#####.##
##......).)#))÷##.#..#
...........###)....##.#
#########...##.#...##.#
##.#.#.#...##.#
#.#........#.##


You could see a black mamba and a naga (catching breath).

Vanquished Creatures
  Saint Roka (Orc:2)
  Rupert (D:13)
  Gastronok (D:8)
  A nagaraja (Snake:2)
  A dire elephant (Lair:6)
  A salamander tyrant (Snake:3)
  Harold (D:9)
  2 boulder beetles
  11 naga warriors
  A catoblepas (Lair:5)
  12 hydras
  Erolcha (D:13)
  4 anacondas
  8 two-headed ogres
  An ogre mage (Volcano)
  3 death yaks
  5 centaur warriors (D:13)
  A tengu warrior (D:13)
  3 naga sharpshooters
  4 orc high priests
  2 shock serpents (Snake:3)
  A hell knight (Volcano)
  A sun demon (Lair:6)
  Nergalle (Lair:1)
  The ghost of bjarki66 the Reanimator, a novice DsNe of Hepliaklqana (Lair:1)
  2 salamander mystics (Snake:3)
  2 naga ritualists
  3 sea snakes
  A wizard (Lair:6)
  3 bog bodies (Lair:2)
  A lindwurm (Lair:4)
  A deep elf pyromancer (D:13)
  4 orc knights (Orc:2)
  A manticore (shapeshifter) (D:11)
  2 oklob plants
  A wolf spider zombie (D:12)
  4 orc sorcerers (Orc:2)
  3 mana vipers (Snake:1)
  11 salamanders
  3 manticores (D:13)
  5 ugly things
  4 cyclopes
  18 black mambas
  17 elephants
  22 cane toads
  A smoke demon (Lair:6)
  3 naga magi
  4 guardian serpents
  4 orange demons (Lair:6)
  Maggie (D:9)
  A torpor snail (Lair:6)
  4 rime drakes
  A freezing wraith (IceCv)
  An unseen horror (D:12)
  13 komodo dragons
  An ice devil (Lair:6)
  9 trolls
  3 meliai (D:13)
  A polar bear (Lair:6)
  A slime creature (D:13)
  A meliai zombie (D:12)
  25 blink frogs
  9 dream sheep
  2 shadows
  A yak (shapeshifter) (D:13)
  42 yaks
  2 wraiths
  3 wyverns
  Grum (Lair:1)
  4 basilisks
  A steam dragon (D:8)
  A death yak simulacrum (IceCv)
  7 wargs
  23 nagas
  Edmund (D:5)
  An acid dragon (D:10)
  2 swamp worms (Lair:2)
  17 water moccasins
  An ice beast (D:6)
  6 hell hounds
  6 black bears
  31 orc warriors
  2 hornet zombies
  A sky beast (D:7)
  6 ogres
  22 wolves
  A phantom (D:5)
  18 centaurs
  Blork the orc (D:5)
  3 kobold brigands
  12 bullfrogs
  2 scorpions
  A cane toad simulacrum (IceCv)
  A wyvern skeleton (D:7)
  2 water moccasin skeletons (D:5)
  An elephant simulacrum (Lair:3)
  4 howler monkeys
  4 wights (D:8)
  12 electric eels
  14 centaur zombies
  4 centaur skeletons
  8 jellies
  6 hounds
  A gnoll shaman (Orc:1)
  24 orc priests
  2 iguanas (D:5)
  35 orc wizards
  A hell rat (Lair:6)
  A polar bear simulacrum (IceCv)
  Robin (D:2)
  A howler monkey zombie (D:9)
  10 gnolls
  10 adders
  2 shadow imps
  2 white imps
  An ufetubus (D:5)
  An adder skeleton (D:2)
  A worm (D:4)
  3 dart slugs
  93 orcs
  2 ball pythons
  3 bats
  20 endoplasms
  2 giant cockroaches
  6 hobgoblins
  A quokka (D:3)
  17 goblins
  25 kobolds
  8 rats
  A bush (Lair:1)
811 creatures vanquished.

Vanquished Creatures (others)
  An ugly thing (IceCv)
  An orc wizard (Orc:1)
  4 orcs
  22 fungi
  39 plants
67 creatures vanquished.

Grand Total: 878 creatures vanquished

Notes
Turn   | Place    | Note
-------+----------+-------------------------------------------
     0 | D:1      | vineage the Minotaur Fighter began the quest for the Orb.
     0 | D:1      | Reached XP level 1. HP: 19/19 MP: 0/0
   176 | D:1      | Reached skill level 4 in Fighting
   210 | D:1      | Found a faded altar of an unknown god.
   363 | D:1      | Reached XP level 2. HP: 23/28 MP: 1/1
   975 | D:2      | Reached skill level 5 in Fighting
  1090 | D:2      | Reached XP level 3. HP: 33/36 MP: 2/2
  1343 | D:2      | Noticed Robin
  1371 | D:2      | Killed Robin
  1378 | D:2      | Reached XP level 4. HP: 22/44 MP: 3/3
  1580 | D:2      | Reached skill level 6 in Fighting
  2116 | D:3      | Found Ugeasiaf's Assorted Antiques.
  2120 | D:3      | Bought a scroll labelled HUSOCHAHISM for 17 gold pieces
  2120 | D:3      | Bought a scroll labelled UNER BIANUIZ for 17 gold pieces
  2122 | D:3      | Acquired the +3 pair of gauntlets of War {Slay+5}
  2122 | D:3      | Found the +3 pair of gauntlets of War {Slay+5}
  2367 | D:3      | Reached skill level 7 in Fighting
  2367 | D:3      | Reached XP level 5. HP: 38/52 MP: 4/4
  2521 | D:3      | Reached skill level 8 in Fighting
  2788 | D:4      | Reached XP level 6. HP: 61/61 MP: 5/5
  2848 | D:4      | Found a staircase to the Ecumenical Temple.
  2877 | Temple   | Entered the Ecumenical Temple
  3040 | D:4      | Noticed an orc warrior
  3049 | D:4      | Killed an orc warrior
  3050 | D:4      | Reached skill level 9 in Fighting
  3239 | D:4      | Reached XP level 7. HP: 70/70 MP: 6/6
  3334 | D:5      | Entered Level 5 of the Dungeon
  3334 | D:5      | Noticed Edmund
  3342 | D:5      | Killed Edmund
  3343 | D:5      | Reached skill level 10 in Fighting
  4154 | D:5      | Reached skill level 11 in Fighting
  4347 | D:5      | Found Hiphaju's Distillery.
  4393 | D:5      | Noticed Blork the orc
  4405 | D:5      | Killed Blork the orc
  4620 | D:5      | Reached XP level 8. HP: 83/83 MP: 7/7
  4679 | D:5      | Reached skill level 12 in Fighting
  4875 | D:5      | Noticed a troll
  4890 | D:5      | Killed a troll
  4891 | D:5      | Reached skill level 13 in Fighting
  5277 | D:6      | Reached skill level 14 in Fighting
  5292 | D:6      | Found Lepheq's Antique Weapon Emporium.
  5350 | D:6      | Reached XP level 9. HP: 95/95 MP: 8/8
  5558 | D:6      | Identified the +3 pair of boots "Nuepof" {rElec rPois rCorr
                  | Dex-3}
  6008 | D:7      | Reached skill level 15 in Fighting
  6569 | D:7      | Found an iron altar of Okawaru.
  6572 | D:7      | Became a worshipper of Warmaster Okawaru
  6688 | D:8      | Reached skill level 16 in Fighting
  7826 | D:8      | Reached * piety under Okawaru
  8709 | D:8      | Noticed Gastronok
  8943 | D:8      | Reached XP level 10. HP: 74/108 MP: 9/9
  9168 | D:8      | Killed Gastronok
  9168 | D:8      | Reached ** piety under Okawaru
  9169 | D:8      | Reached skill level 5 in Maces & Flails
  9169 | D:8      | Reached skill level 5 in Armour
  9169 | D:8      | Reached skill level 5 in Shields
  9930 | D:9      | Identified the ring "Emeav" {rCorr Dex+4 SInv Stlth-}
  9993 | D:9      | Found a staircase to the Lair.
 10369 | D:9      | Noticed Harold
 10382 | D:9      | Killed Harold
 10382 | D:9      | Reached *** piety under Okawaru
 10533 | D:9      | Noticed Maggie
 10561 | D:9      | Killed Maggie
 10883 | D:9      | Reached XP level 11. HP: 115/115 MP: 8/10
 10891 | D:9      | Reached **** piety under Okawaru
 11576 | D:9      | Found a staircase to the Orcish Mines.
 11630 | D:10     | Entered Level 10 of the Dungeon
 12485 | D:11     | Reached ***** piety under Okawaru
 12868 | D:11     | Noticed a four-headed hydra
 12873 | D:11     | Killed a four-headed hydra
 12928 | D:11     | Received a gift from Okawaru
 12973 | D:11     | Noticed a two-headed ogre
 12981 | D:11     | Killed a two-headed ogre
 13161 | D:11     | Noticed a two-headed ogre
 13168 | D:11     | Killed a two-headed ogre
 13169 | D:11     | Reached skill level 10 in Armour
 13169 | D:11     | Reached skill level 10 in Shields
 13228 | D:11     | Noticed a brown ugly thing
 13242 | D:11     | Killed a brown ugly thing
 13252 | D:11     | Received a gift from Okawaru
 13252 | D:11     | Found the +2 cloak of the Thief {*Fog Slay-2 SInv Stlth+}
 13728 | D:12     | Reached skill level 10 in Maces & Flails
 13765 | D:12     | Reached XP level 12. HP: 112/124 MP: 11/11
 14185 | D:12     | Found a basalt altar of Yredelemnul.
 14199 | D:12     | Reached ****** piety under Okawaru
 14362 | D:12     | Noticed a six-headed hydra
 14370 | D:12     | Killed a six-headed hydra
 15066 | D:13     | Received a gift from Okawaru
 15071 | D:13     | Acquired 662 gold pieces
 15178 | D:13     | Noticed a centaur warrior
 15189 | D:13     | Killed a centaur warrior
 15425 | D:13     | Noticed Erolcha
 15427 | D:13     | Noticed a five-headed hydra
 15436 | D:13     | Killed a five-headed hydra
 15444 | D:13     | Killed Erolcha
 15696 | D:13     | Noticed a four-headed hydra
 15706 | D:13     | Killed a four-headed hydra
 15714 | D:13     | Reached XP level 13. HP: 107/130 MP: 12/12
 15796 | D:13     | Noticed Rupert
 15835 | D:13     | Killed Rupert
 15840 | D:13     | Received a gift from Okawaru
 16597 | D:13     | Received a gift from Okawaru
 17395 | Lair:1   | Entered Level 1 of the Lair of Beasts
 17657 | Lair:1   | Found a dark tunnel.
 17867 | Volcano  | Entered a volcano
 18227 | Lair:1   | Found a runed translucent door.
 18231 | Lair:1   | Noticed bjarki66's ghost (novice DsNe)
 18239 | Lair:1   | Found a hazy altar of Hepliaklqana.
 18401 | Lair:1   | Noticed Nergalle
 18415 | Lair:1   | Killed Nergalle
 18423 | Lair:1   | Noticed Grum
 18440 | Lair:1   | Killed Grum
 18838 | Lair:1   | Killed bjarki66's ghost
 18839 | Lair:1   | Reached XP level 14. HP: 125/138 MP: 11/13
 18948 | Lair:2   | Received a gift from Okawaru
 18991 | Lair:2   | Reached skill level 17 in Fighting
 19121 | Lair:2   | Found a staircase to the Swamp.
 19127 | Lair:2   | Reached skill level 15 in Maces & Flails
 20022 | Lair:3   | Found a frozen archway.
 20053 | IceCv    | Entered an ice cave
 20145 | IceCv    | Found a transporter.
 20153 | IceCv    | Found a transporter.
 20702 | Lair:3   | Received a gift from Okawaru
 20933 | Lair:3   | Found a staircase to the Snake Pit.
 21042 | Lair:3   | Reached skill level 18 in Fighting
 22337 | Lair:5   | Reached skill level 1 in Dodging
 22341 | Lair:5   | Reached skill level 1 in Invocations
 23180 | Lair:6   | Entered Level 6 of the Lair of Beasts
 23190 | Lair:6   | Reached XP level 15. HP: 141/150 MP: 14/16
 23216 | Lair:5   | Received a gift from Okawaru
 23654 | Lair:6   | Reached skill level 5 in Dodging
 23732 | Lair:6   | Reached skill level 5 in Invocations
 23793 | Lair:6   | Found a staircase to the Slime Pits.
 23793 | Lair:6   | Found a viscous altar of Jiyva.
 24263 | Lair:6   | Found a burning altar of Makhleb.
 24340 | Lair:6   | Found a gateway to Hell.
 25103 | Orc:1    | Entered Level 1 of the Orcish Mines
 26011 | Orc:2    | Entered Level 2 of the Orcish Mines
 26086 | Orc:2    | Received a gift from Okawaru
 26117 | Orc:2    | Found Xizej's Weapon Shop.
 26117 | Orc:2    | Found Fedwitoj's Antique Weapon Shoppe.
 26409 | Orc:2    | Noticed Saint Roka
 26411 | Orc:2    | Found Xoull's Gadget Gallery.
 26487 | Orc:2    | Killed Saint Roka
 27032 | Orc:2    | Found a staircase to the Elven Halls.
 27184 | Orc:2    | Found Guefou's General Store.
 27184 | Orc:2    | Found Siuros's General Store.
 27192 | Orc:2    | Bought a scroll of blinking for 97 gold pieces
 27397 | Snake:1  | Entered Level 1 of the Snake Pit
 28121 | Snake:1  | Found a burning altar of Makhleb.
 28635 | Snake:1  | Reached XP level 16. HP: 138/159 MP: 21/21
 28868 | Snake:1  | Reached skill level 19 in Fighting
 29186 | Snake:2  | Identified the +3 dire flail "Kubleut" {vorpal, rN+}
                  | (Okawaru gifted it to you on level 2 of the Snake Pit)
 29186 | Snake:2  | Received a gift from Okawaru
 30450 | Snake:3  | Identified the +7 dire flail of Futumim {spect, rCorr}
                  | (Okawaru gifted it to you on level 3 of the Snake Pit)
 30450 | Snake:3  | Received a gift from Okawaru
 30938 | Snake:3  | Reached skill level 20 in Fighting
 31031 | Snake:3  | HP: 8/162 [salamander (7)]
 31048 | Snake:3  | Received a gift from Okawaru
 31049 | Snake:3  | HP: 11/243 [shock serpent (3)]
 31059 | Snake:3  | HP: 6/162 [black mamba (3)]
 31060 | Snake:3  | HP: 1/162 [black mamba (9)]
 31060 | Snake:3  | Mangled by a black mamba

Illustrated notes

Levels and vault maps discovered:
D:1:      onia_arrival_pentagram, layout_loops_ring,
          shapermc_ecumenical_altar_starsandcircs
D:2:      layout_loops_ring, uniq_robin
D:3:      layout_basic, serial_glass, glass_columns_b, glass_columns_a,
          serial_shops, shop, serial_bayou_crossing
D:4:      layout_rooms, minmay_temple_entry_trees
D:5:      cheibrodos_barr_body, layout_layer_cave, serial_shops, shop,
          uniq_blork_the_orc, uniq_edmund
D:6:      layout_loops_cross, serial_shops, shop
D:7:      nicolae_cairo_tiling_large_dashed, layout_rooms, kennysheep_mini_moat
D:8:      layout_basic, grunt_decor_one_mirror, chequers_big_river,
          uniq_gastronok
D:9:      layout_loops_corners, due_lair_maze_entry_diamond, hiddenorc1_lemuel,
          uniq_maggie, uniq_harold
D:10:     layout_roguey
D:11:     layout_basic, chequers_serial_rivers_micro_a
D:12:     layout_irregular_city, chequers_serial_rivers_small_b,
          nicolae_yredelemnul_corpse_copse
D:13:     minmay_recursive_quarters, layout_basic, uniq_rupert, uniq_erolcha
Temple:   dpeg_three_leaves_temple
Lair:1:   layout_gridlike, basic_altar, ebering_ghost_inner_flame,
          enter_volcano_3, minmay_lair_oklob_items, minivault_19, st_stairs_5,
          uniq_grum, uniq_nergalle
Lair:2:   layout_chaotic_city, nicolae_swamp_entry_splash_gauntlet,
          chequers_serial_rivers_micro_e
Lair:3:   lemuel_slime, layout_gridlike, minmay_snake_entry_guardpost_small,
          portal_ice_cave_entry_ice_simulacra
Lair:4:   layout_big_grid, fungi_pond_lemuel, kennysheep_catoblepas_arena
Lair:5:   layout_hall_layers, serial_rivers, chequers_serial_rivers_micro_a,
          chequers_serial_rivers_micro_b, chequers_serial_rivers_micro_d,
          chequers_serial_rivers_small_b, chequers_serial_rivers_marsh,
          chequers_serial_rivers_micro_b, grunt_megastairs_1
Lair:6:   evil_forest, layout_small_grid, slime_altar_1
Snake:1:  layout_misc_corridors, basic_altar, serial_bayou_shore_a
Snake:2:  layout_basic
Snake:3:  nicolae_snake_shooting_gallery, layout_onion_interference,
          nicolae_snake_salamander_jacuzzi
Orc:1:    layout_caves, basic_altar
Orc:2:    grunt_orc_tribal_feast, layout_caves, nicolae_shop_gadgets,
          uniq_saint_roka

Skill      XL: |  1  2  3  4  5  6  7  8  9 10 11 12 13 14 15 16 |
---------------+-------------------------------------------------+-----
Fighting       | 4 5 7 8 9 11 14 16 18 20 | 20.1
Armour         | 4 7 10 12 14 | 14.3
Shields        | 4 7 10 12 14 | 14.3
Maces & Flails | 3 7 10 12 14 16 18 | 18.4
Dodging        | 3 9 |  9.4
Invocations    | 3 8 |  8.6

Action                   |  1- 3 |  4- 6 |  7- 9 | 10-12 | 13-15 | 16-18 || total
-------------------------+-------+-------+-------+-------+-------+-------++-------
Melee: Flail             |    89 |    26 |       |   421 |   270 |       ||   806
       Headbutt          |     9 |    13 |    69 |   155 |   444 |   106 ||   796
       Mace              |       |   104 |   263 |    18 |       |       ||   385
       Morningstar       |       |       |       |       |   794 |       ||   794
       Eveningstar       |       |       |       |       |   148 |   278 ||   426
Invok: Heroism           |       |       |       |    10 |    16 |     3 ||    29
       Finesse           |       |       |       |       |     3 |     1 ||     4
  Use: Scroll            |     1 |     6 |     7 |     8 |     8 |       ||    30
       Potion            |       |     1 |     2 |     3 |     6 |     3 ||    15
 Stab: Invisible         |       |       |     2 |       |       |       ||     2
Armor: Scale mail        |    34 |    88 |   236 |   221 |    48 |       ||   627
       Crystal plate arm |       |       |       |       |   511 |   116 ||   627
Dodge: Dodged            |    38 |    61 |   186 |   191 |   378 |   101 ||   955
Block: Buckler           |    15 |    33 |    54 |       |       |       ||   102
       Kite shield       |       |       |    26 |   274 |   768 |   198 ||  1266

Table legend: (Time is in decaauts)
 A = Elapsed time spent in this place.
 B = Non-inter-level travel time spent in this place.
 C = Inter-level travel time spent in this place.
 D = Time resting spent in this place.
 E = Time spent auto-exploring this place.
 F = Levels seen in this place.
 G = Mean time per level.
                   A        B        C        D        E       F      G
               +--------+--------+--------+--------+--------+-----+--------+
         Total |  30830 |  29309 |   1521 |   5504 |  19067 |  27 | 1141.9 |
       Dungeon |  17882 |  17076 |    806 |   3358 |  11127 |  13 | 1375.5 |
        Temple |     73 |      1 |     72 |      0 |      0 |   1 |   73.0 |
          Lair |   7171 |   6673 |    498 |    641 |   4961 |   6 | 1195.2 |
     Snake Pit |   3192 |   3072 |    120 |    770 |   1784 |   3 | 1064.0 |
  Orcish Mines |   2067 |   2043 |     24 |    735 |    886 |   2 | 1033.5 |
      Ice Cave |    133 |    133 |      0 |      0 |     86 |   1 |  133.0 |
       Volcano |    309 |    309 |      0 |      0 |    222 |   1 |  309.0 |
               +--------+--------+--------+--------+--------+-----+--------+

Top non-repeatable levels by time:
     D:8: 3475 daAuts
    D:13: 2313 daAuts
     D:9: 1937 daAuts
     D:5: 1481 daAuts
  Lair:3: 1358 daAuts
 Snake:1: 1326 daAuts
  Lair:5: 1292 daAuts
    D:12: 1278 daAuts
    D:11: 1268 daAuts
  Lair:6: 1250 daAuts
  Lair:1: 1236 daAuts
   Orc:2: 1200 daAuts
  Lair:2: 1176 daAuts
 Snake:2: 1173 daAuts
     D:3: 971 daAuts
